 Dungeon Crawl Stone Soup version 0.31-a0-95-g6fa058ef04 (webtiles) character file.

Game seed: 6815459977733958556

23 jlumianski the Trooper (level 2, -5/24 HPs)
             Began as a Demonspawn Fighter on May 25, 2023.
             Slain by a lemure (7 damage)
             ... led by Pikel
             ... on level 3 of the Dungeon.
             The game lasted 00:01:48 (323 turns).

jlumianski the Trooper (Demonspawn Fighter)          Turns: 323, Time: 00:01:48

Health: -5/24      AC:  6    Str: 16    XL:     2   Next: 75%
Magic:  2/2        EV:  8    Int:  9    God:
Gold:   49         SH:  4    Dex: 12    Spells: 1/1 levels left

rFire   . . .        a - +0 war axe
rCold   . . .        c - +0 buckler
rNeg    . . .        b - +0 scale mail
rPois   .            (no helmet)
rElec   .            (no cloak)
rCorr   .            (no gloves)
SInv    .            (no boots)
Will    .....        (no amulet) Stlth
                     (no ring)
HPRegen 0.24/turn    (no ring)
MPRegen 0.08/turn

%: no passive effects
@: no status effects
A: demonic magic 1
a: no special abilities


You were on level 3 of the Dungeon.
You visited 1 branch of the dungeon, and saw 4 of its levels.

You collected 49 gold pieces.

Inventory:

Hand Weapons
 a - a +0 war axe (weapon)
Missiles
 e - 4 stones (quivered)
Armour
 b - a +0 scale mail (worn)
 c - a +0 buckler (worn)
Scrolls
 i - 2 scrolls of identify {unknown}
 j - a scroll of teleportation {unknown}
 k - a scroll of blinking {unknown}
Potions
 d - a potion of might
 f - a potion of haste {unknown}
 g - a potion of lignification {unknown}
 h - a potion of curing {unknown}


   Skills:
 + Level 3.2 Fighting
 + Level 2.1 Axes
 + Level 3.0 Armour
 + Level 3.0 Shields


You had one spell level left.
You didn't know any spells.
Your spell library was empty.

Dungeon Overview and Level Annotations

Branches:
Dungeon (4/15)
 Temple: D:4-7

Altars:
Ru
Vehumet

Annotations:
D:4 Pikel


Innate Abilities, Weirdness & Mutations

Spells you cast may paralyse adjacent enemies.


Message History

You slash the adder!
You kill the adder!
Your Armour skill increases to level 3!
You now have 38 gold pieces (gained 5).
Found a stone staircase leading up.
You now have 49 gold pieces (gained 11).
Found a scroll labelled VOUMEETREV.
There is a stone staircase leading down here. 2 lemures come into view.
The lemure shouts!
A lemure comes into view.
The lemure shouts!
An orc wizard and Pikel come into view.
Pikel is wielding a +1 whip of freezing.
The orc wizard shouts!
Pikel shouts!
A lemure comes into view.
The lemure attacks as you move away! The lemure closely misses you.
The lemure shouts!
You block the lemure's attack.
You see here a scroll labelled VOUMEETREV.
The lemure hits you but does no damage. The lemure attacks as you move away!
The lemure closely misses you. The lemure attacks as you move away!
The lemure hits you but does no damage. The lemure hits you!
The lemure attacks as you move away! The lemure hits you but does no damage.
The lemure attacks as you move away! The lemure hits you.
The lemure attacks as you move away! The lemure barely misses you.
There is a stone staircase leading up here.
The lemure hits you! x2
* * * LOW HITPOINT WARNING * * *
You climb upwards.
The jackal barks! x3
The jackal bites you but does no damage.
Found a scroll labelled VOUMEETREV.
There is a stone staircase leading down here.
Okay, then.
Unknown command.
Okay, then.
The lemure attacks as you move away! The lemure hits you!
You die...

....#....#.#
...
#.....####...#
... #.?...
#####
##..#.....
........#
#..#.h.# ...h.
#h5# #5@#
.......##
.....## ....
... .. .


You could see 2 lemures and 3 jackals.

Vanquished Creatures
  An adder (D:4)
  A dart slug (D:1)
  2 ball pythons
  An endoplasm (D:1)
  3 hobgoblins
  A quokka (D:1)
  2 bats (D:1)
  A goblin (D:2)
12 creatures vanquished.

Notes
Turn   | Place    | Note
-------+----------+-------------------------------------------
     0 | D:1      | jlumianski the Demonspawn Fighter began the quest for the
                  | Orb.
     0 | D:1      | Reached XP level 1. HP: 18/18 MP: 1/1
   160 | D:1      | Gained mutation: Spells you cast may paralyse adjacent
                  | enemies. [demonic ancestry]
   160 | D:1      | Reached XP level 2. HP: 24/24 MP: 2/2
   203 | D:3      | Found a sacrificial altar of Ru.
   203 | D:3      | Found a radiant altar of Vehumet.
   306 | D:4      | Noticed a lemure
   306 | D:4      | Noticed a lemure
   307 | D:4      | Noticed a lemure
   308 | D:4      | Noticed Pikel
   309 | D:4      | Noticed a lemure
   321 | D:4      | HP: 1/24 [lemure[Pikel] (7)]
   323 | D:3      | Slain by a lemure

Illustrated notes

Levels and vault maps discovered:
D:1:      sevenhm_arrival_forest_fort_small_3, layout_basic
D:2:      layout_basic, uniq_terence
D:3:      layout_basic, grunt_temple_overflow_open,
          ebering_ecumenical_altar_webs, uniq_natasha
D:4:      layout_basic, mainiacjoe_overflow_catwalk,
          beargit_hepliaklqana_dungeon_heroes, marbit_many_paths,
          pdpol_wu_jian_five_deadly_venoms, kennysheep_orc_chapel, uniq_pikel

Skill      XL: |  1  2 |
---------------+-------+-----
Axes           | 2 |  2.1
Shields        | 3 |  3.0
Armour         | 3 |  3.0
Fighting       | |  3.2

Action                     || total
---------------------------++-------
  Melee: War axe           ||    35
 Armour: Scale mail        ||    24
  Dodge: Dodged            ||    27
  Block: Buckler           ||    10

Table legend: (Time is in decaauts)
 A = Elapsed time spent in this place.
 B = Non-inter-level travel time spent in this place.
 C = Inter-level travel time spent in this place.
 D = Time resting spent in this place.
 E = Time spent auto-exploring this place.
 F = Levels seen in this place.
 G = Mean time per level.
                   A        B        C        D        E       F      G
               +--------+--------+--------+--------+--------+-----+--------+
         Total |    339 |    339 |      0 |      0 |     90 |   4 |   84.8 |
       Dungeon |    339 |    339 |      0 |      0 |     90 |   4 |   84.8 |
               +--------+--------+--------+--------+--------+-----+--------+

Top non-repeatable levels by time:
     D:1: 173 daAuts
     D:4: 64 daAuts
     D:3: 59 daAuts
     D:2: 41 daAuts
